 Dungeon Crawl Stone Soup version 0.28-a0-1395-g4f6bc678fa (webtiles) character file.

Game seed: 11259422251549346672

56 HallandMoats the Skirmisher (level 3, -3/29 HPs)
             Began as a Demonspawn Monk on Jan 5, 2022.
             Was a Priest of Qazlal.
             Slain by an adder (4 damage)
             ... on level 2 of the Dungeon.
             The game lasted 00:04:53 (3519 turns).

HallandMoats the Skirmisher (Demonspawn Monk)       Turns: 3519, Time: 00:04:54

Health: -3/29      AC:  2    Str: 11    XL:     3   Next: 71%
Magic:  3/3        EV: 13    Int: 11    God:    Qazlal [***...]
Gold:   74         SH:  3    Dex: 19    Spells: 2/2 levels left

rFire   . . .      SeeInvis .   a - +0 hand axe
rCold   . . .      Faith    .   (no shield)
rNeg    . . .      Spirit   .   b - +0 robe
rPois   .          Reflect  .   (no helmet)
rElec   .          Harm     .   (no cloak)
rCorr   .          Rampage  .   (no gloves)
Will    .....                   (no boots)
Stlth   ++........              (no amulet)
HPRegen 0.09/turn               (no ring)
MPRegen 0.08/turn               (no ring)

@: lethally poisoned (-3 -> -4)
A: thin skeletal structure 1
a: Renounce Religion, Upheaval, Elemental Force


You were on level 2 of the Dungeon.
You worshipped Qazlal.
Qazlal was most pleased with you.
You visited 1 branch of the dungeon, and saw 2 of its levels.

You collected 74 gold pieces.

Inventory:

Hand Weapons
 a - a +0 hand axe (weapon)
Armour
 b - a +0 robe (worn)
Scrolls
 c - a scroll of enchant weapon {unknown}
 d - 3 scrolls of teleportation {unknown}
 f - 2 scrolls of enchant armour {unknown}
 g - a scroll of vulnerability {unknown}
Potions
 e - 3 potions of curing


   Skills:
 + Level 3.6 Fighting
 + Level 3.2 Axes
 + Level 0.9 Armour
 + Level 3.0 Dodging
 - Level 1.7 Stealth
 * Level 1.0 Invocations


You had 2 spell levels left.
You didn't know any spells.
Your spell library contained the following spells:

 Spells                   Type           Power      Damage    Failure   Level
 Magic Dart               Conj           0%         1d3       34%         1
 Call Imp                 Summ           0%         N/A       47%         2
 Ensorcelled Hibernation  Hex/Ice        0%         N/A       47%         2
 Mephitic Cloud           Conj/Pois/Air  0%         N/A       71%         3
 Spider Form              Tmut/Pois      0%         N/A       71%         3


Dungeon Overview and Level Annotations

Branches:
Dungeon (2/15)

Altars:
Qazlal

Shops:
D:1 *   D:2 (

Annotations:
D:2 Jessica


Innate Abilities, Weirdness & Mutations

You have a somewhat thin skeletal structure. (Dex +2, Stealth+)


Message History

The adder misses you.
You closely miss the adder.
The adder is moderately wounded.
The adder closely misses you. x2
You miss the adder.
The adder is moderately wounded.
The adder closely misses you.
You barely miss the adder.
The adder is moderately wounded.
You block the adder's attack. x2
You closely miss the adder.
The adder is moderately wounded.
You block the adder's attack.
You closely miss the adder.
The adder is moderately wounded.
The adder bites you.
You are poisoned.
The adder poisons you! The adder barely misses you.
You completely miss the adder.
The adder is moderately wounded.
You feel sick. The adder barely misses you.
You hit the adder.
The adder is almost dead.
You feel sick. You block the adder's attack.
The adder bites you but does no damage.
You barely miss the adder.
The adder is severely wounded.
You feel sick. The adder barely misses you.
You feel better. The adder bites you. x2
You are poisoned.
The adder poisons you!
You closely miss the adder.
The adder is severely wounded.
You feel sick. The adder closely misses you.
You miss the adder.
The adder is severely wounded.
You feel sick. The adder bites you.
* * * LOW HITPOINT WARNING * * *
The adder bites you.
You die...

#.# #.#
#.# #.#
#.# #.#
#.# #.#
#@#
#.S....#
#.######
## ###
.. .. ..
.. .. ##


You could see an adder.

Vanquished Creatures
  A dart slug (D:1)
  5 orcs
  6 endoplasms
  2 giant cockroaches (D:1)
  3 goblins
  5 hobgoblins
  2 jackals (D:1)
  4 kobolds
  A quokka (D:2)
  3 ball pythons
  3 bats (D:1)
  3 frilled lizards
  5 rats
43 creatures vanquished.

Vanquished Creatures (others)
  10 demonic plants (D:2)
  A fungus (D:2)
  35 plants
  3 withered plants (D:2)
49 creatures vanquished.

Grand Total: 92 creatures vanquished

Notes
Turn   | Place    | Note
-------+----------+-------------------------------------------
     0 | D:1      | HallandMoats the Demonspawn Monk began the quest for the
                  | Orb.
     0 | D:1      | Reached XP level 1. HP: 18/18 MP: 1/1
   414 | D:1      | Gained mutation: You have a somewhat thin skeletal
                  | structure. (Dex +2, Stealth+) [demonic ancestry]
   414 | D:1      | Reached XP level 2. HP: 22/24 MP: 2/2
  1042 | D:1      | Found Loplu's Assorted Antiques.
  1793 | D:1      | Reached XP level 3. HP: 23/29 MP: 3/3
  2233 | D:2      | Found a faded altar of an unknown god.
  2255 | D:2      | Prayed at the altar of an unknown god.
  2255 | D:2      | Became a worshipper of Qazlal Stormbringer
  2255 | D:2      | Reached * piety under Qazlal
  2255 | D:2      | Reached ** piety under Qazlal
  2559 | D:2      | Found Qitzeqemp's Antique Weapon Emporium.
  2599 | D:2      | Noticed Jessica
  2921 | D:2      | Reached *** piety under Qazlal
  3290 | D:2      | Reached skill level 1 in Invocations
  3519 | D:2      | HP: 1/29 [adder (5)]
  3519 | D:2      | Slain by an adder

Illustrated notes

Levels and vault maps discovered:
D:1:      dpeg_arrival_orchard, layout_basic, serial_bayou,
          serial_bayou_lagoon_a, serial_bayou_crossing, serial_bayou_ford_a,
          serial_bayou_lake_a, serial_shops, nicolae_shop_behind_doors
D:2:      layout_basic, serial_shops, nicolae_shop_statue_plus,
          shapermc_ecumenical_altar_gd, st_stairs_12, kennysheep_cross_room,
          kennysheep_jessica_study

Skill      XL: |  1  2  3 |
---------------+----------+-----
Axes           | 3 |  3.2
Dodging        | 3 |  3.0
Invocations    | 1 |  1.0
Fighting       | |  3.6
Armour         | |  0.9
Stealth        | |  1.7

Action                   || total
-------------------------++-------
Melee: Hand axe          ||   185
  Use: Potion            ||     2
 Stab: Sleeping          ||     9
Armor: Robe              ||    51
Dodge: Dodged            ||   132
Block: Other             ||    14

Table legend: (Time is in decaauts)
 A = Elapsed time spent in this place.
 B = Non-inter-level travel time spent in this place.
 C = Inter-level travel time spent in this place.
 D = Time resting spent in this place.
 E = Time spent auto-exploring this place.
 F = Levels seen in this place.
 G = Mean time per level.
                   A        B        C        D        E       F      G
               +--------+--------+--------+--------+--------+-----+--------+
         Total |   3606 |   3606 |      0 |   1525 |   1471 |   2 | 1803.0 |
       Dungeon |   3606 |   3606 |      0 |   1525 |   1471 |   2 | 1803.0 |
               +--------+--------+--------+--------+--------+-----+--------+

Top non-repeatable levels by time:
     D:1: 2358 daAuts
     D:2: 1247 daAuts
